Canucks vs Stars
Created - March 14, 2019 at 19:13
Goals
|
| Canucks |
0 |
0 |
2 |
2 |
| Stars |
1 |
0 |
3 |
4 |
|
Shots
|
| Canucks |
10 |
7 |
12 |
29 |
| Stars |
6 |
11 |
9 |
26 |
|
1st period
1. Stars , Brian Flynn 1 (Dustin Penner 11, Evgeny Artyukhin 3) at 16:19
Penalties :
Mike Ribeiro (Van) for Roughing (Minor) at 7:44
2nd period
No Goal
Penalties :
Guillaume Latendresse (Dal) for Tripping (Minor) at 0:14, Steve Montador (Van) for Holding (Minor) at 10:35, Nick Palmieri (Van) for Holding (Minor) at 15:24
3rd period
2. Stars , Jussi Jokinen 29 (Cory Emmerton 21, Evgeny Artyukhin 4) at 10:04
3. Canucks , Jamie McBain 7 (Chris Higgins 30, Matt Stajan 49) at 10:16
4. Canucks , Matt Stajan 21 (Chris Higgins 31) at 12:02 (PP)
5. Stars , Michael Grabner 21 (Drew Fata 32, Antoine Vermette 34) at 12:42
6. Stars , Brian Flynn 2 (Guillaume Latendresse 30, Dustin Penner 12) at 18:53
Penalties :
Clarke MacArthur (Van) for Holding (Minor) at 5:19, Boris Valabik (Dal) for Hooking (Minor) at 11:43, Jamie McBain (Van) for Holding (Minor) at 16:40, Guillaume Latendresse (Dal) for Hooking (Minor) at 16:43
Goalie Stats
Michal Neuvirth (Van), 22 saves from 26 shots - (0.846), L, 25-25-4, 60:00 minutes
Jhonas Enroth (Dal), 27 saves from 29 shots - (0.931), W, 14-10-5, 60:00 minutes
Players Stats for Canucks
Player Name G A P +/- PIM S H SB GA TA FO MP PP MP PK MP
------------------------------------------------------------------------------------
Alex Goligoski 0 0 0 -1 0 3 1 1 0 2 0/0 27:45 2:04 3:13
Brad Boyes 0 0 0 -3 0 1 4 0 1 0 0/1 22:45 1:32 4:28
Chris Campoli 0 0 0 -1 0 0 0 2 0 0 0/0 12:34 0:08 0:40
Chris Higgins 0 2 2 -2 0 5 1 0 0 0 1/1 20:08 1:29 3:11
Clarke MacArthur 0 0 0 0 2 1 3 0 0 0 0/0 15:20 0:49 0:20
Derek Boogaard 0 0 0 0 0 3 0 0 1 0 0/0 11:01 0:00 0:00
James Wright 0 0 0 0 0 0 1 1 0 0 2/2 10:17 0:00 0:00
Jamie McBain 1 0 1 -2 2 6 2 0 1 2 0/0 27:19 2:13 4:43
Johan Franzen 0 0 0 0 0 0 2 0 0 1 0/1 7:25 0:00 0:00
Justin Falk 0 0 0 0 0 0 1 2 0 0 0/0 17:45 0:00 0:49
Ladislav Smid 0 0 0 -2 0 0 3 1 0 0 0/0 13:23 0:03 2:41
Martins Karsums 0 0 0 0 0 0 0 0 0 0 0/0 10:17 0:00 0:00
Matt Stajan 1 1 2 -3 0 6 1 0 1 0 17/36 22:46 1:32 4:28
Mike Ribeiro 0 0 0 0 2 2 3 0 0 0 7/17 16:31 0:49 1:20
Nick Palmieri 0 0 0 0 2 0 0 0 0 0 0/0 15:05 0:49 0:00
Nik Antropov 0 0 0 0 0 0 0 0 0 0 1/2 8:33 0:00 0:21
Ryan Hollweg 0 0 0 0 0 1 0 0 0 0 1/1 9:39 0:00 1:50
Steve Montador 0 0 0 -1 2 1 1 1 0 0 0/0 21:27 0:17 3:52
Players Stats for Stars
Player Name G A P +/- PIM S H SB GA TA FO MP PP MP PK MP
------------------------------------------------------------------------------------
Alex Chiasson 0 0 0 1 0 0 2 0 0 0 0/0 12:33 0:00 0:00
Antoine Vermette 0 1 1 0 0 1 2 4 1 0 19/35 22:37 4:10 1:47
B.J. Crombeen 0 0 0 0 0 2 0 0 0 0 0/0 14:01 3:46 0:00
Boris Valabik 0 0 0 2 2 0 3 0 0 0 0/0 11:07 0:00 0:00
Brian Flynn 2 0 2 2 0 7 1 0 0 0 2/5 9:59 0:00 0:23
Brian Lee 0 0 0 0 0 0 0 0 0 0 0/0 20:24 3:36 0:51
Cory Emmerton 0 1 1 1 0 3 1 1 0 0 5/10 17:29 3:46 1:18
Drew Fata 0 1 1 1 0 1 1 5 1 3 0/0 28:28 4:23 1:30
Dustin Penner 0 2 2 2 0 0 1 3 0 0 0/0 11:05 0:00 0:55
Evgeny Artyukhin 0 2 2 1 0 1 1 1 0 0 0/0 9:12 0:00 0:00
Evgeny Grachev 0 0 0 0 0 1 2 1 0 0 5/8 10:47 0:00 0:00
Guillaume Latendresse 0 1 1 1 4 3 4 0 0 0 0/0 20:54 4:12 0:19
Ian White 0 0 0 1 0 1 2 5 1 0 0/0 28:28 4:23 1:30
Johnny Oduya 0 0 0 0 0 0 0 0 0 1 0/0 20:24 3:36 0:51
Jussi Jokinen 1 0 1 1 0 4 2 0 1 0 0/0 15:07 3:46 0:00
Michael Grabner 1 0 1 0 0 1 2 1 0 0 1/3 20:00 4:13 0:00
Niklas Hjalmarsson 0 0 0 2 0 0 0 0 0 0 0/0 11:08 0:00 0:00
Patrick Sharp 0 0 0 0 0 1 1 0 1 0 0/0 11:57 0:03 0:00
3 Stars
1 - Brian Flynn (Dal)
2 - Dustin Penner (Dal)
3 - Jussi Jokinen (Dal)
Power Play
Canucks - 1 on 3 Attempt(s) - 33.33%
Stars - 0 on 5 Attempt(s) - 0.00%
Penalty Kill
Canucks - 5 on 5 Attempt(s) - 100.00%
- Score 0 goal in Penalty Kill
Stars - 2 on 3 Attempt(s) - 66.67%
- Score 0 goal in Penalty Kill
Team Stat
Canucks - Hits : 23 - Faceoff Wins : 29 - Blocked Shots : 8 - Penalty Minutes : 10
Stars - Hits : 25 - Faceoff Wins : 32 - Blocked Shots : 21 - Penalty Minutes : 6
Official
Referees : Unknown
Linesman : Unknown
Game Notes
No Game Note
Finance
Level 1 -- Attendance: 6000 (100.00%) -- Ticket Income $360,000
Level 2 -- Attendance: 4470 (89.40%) -- Ticket Income $196,680
Level 3 -- Attendance: 1387 (69.35%) -- Ticket Income $52,706
Level 4 -- Attendance: 2715 (67.88%) -- Ticket Income $81,450
Luxury Box -- Attendance: 1000 (100.00%) -- Ticket Income $110,000
Game was played at the American Airlines Center.
Total Attendance: 15572 (86.51%)
Total Ticket Income: $800,836
Other Income: $120,125
Total Income: $920,961
Canucks
5 vs 5 Forward
Center Left Wing Right Wing Time % Phy DF OF
1 Matt Stajan Chris Higgins Brad Boyes 60 0 0 5
2 Mike Ribeiro Clarke MacArthur Nick Palmieri 25 0 1 4
3 James Wright Derek Boogaard Martins Karsums 10 0 2 3
4 Nik Antropov Ryan Hollweg Johan Franzen 5 0 3 2
5 vs 5 Defense
Defense Defense Time % Phy DF OF
1 Jamie McBain Alex Goligoski 60 0 0 5
2 Steve Montador Justin Falk 25 1 2 2
3 Chris Campoli Ladislav Smid 10 0 3 2
4 Jamie McBain Steve Montador 5 1 2 2
PowerPlay Forward
Center Left Wing Right Wing Time % Phy DF OF
1 Matt Stajan Chris Higgins Brad Boyes 60 0 0 5
2 Mike Ribeiro Clarke MacArthur Nick Palmieri 40 0 0 5
PowerPlay Defense
Defense Defense Time % Phy DF OF
1 Jamie McBain Alex Goligoski 70 0 0 5
2 Jamie McBain Steve Montador 30 0 0 5
Penalty Kill 4 Players Forward
Center Wing Time % Phy DF OF
1 Matt Stajan Brad Boyes 60 0 4 1
2 Mike Ribeiro Chris Higgins 40 0 4 1
Penalty Kill 4 Players Defense
Defense Defense Time % Phy DF OF
1 Jamie McBain Steve Montador 60 0 4 1
2 Alex Goligoski Ladislav Smid 40 0 4 1
Penalty Kill - 3 Players Forward
Forward Time % Phy DF OF
1 Matt Stajan 60 0 3 2
2 Brad Boyes 40 0 3 2
Penalty Kill - 3 Players Defense
Defense Defense Time % Phy DF OF
1 Jamie McBain Steve Montador 60 0 3 2
2 Ladislav Smid Alex Goligoski 40 0 3 2
4 vs 4 Forward
Center Wing Time % Phy DF OF
1 Matt Stajan Brad Boyes 60 0 0 5
2 Mike Ribeiro Chris Higgins 40 0 0 5
4 vs 4 Defense
Defense Defense Time % Phy DF OF
1 Jamie McBain Alex Goligoski 60 0 0 5
2 Jamie McBain Steve Montador 40 0 2 3
Last Minutes Offensive
Center Left Wing Right Wing Defense Defense
Matt Stajan Chris Higgins Brad Boyes Jamie McBain Alex Goligoski
Last Minutes Defensive
Center Left Wing Right Wing Defense Defense
Matt Stajan Chris Higgins Brad Boyes Jamie McBain Alex Goligoski
Goaltenders
Starting : Michal Neuvirth
Backup : Alex Stalock
Extra Forwards
Normal : Derek Boogaard, Nik Antropov, Ryan Hollweg - PP : Nick Palmieri, Nik Antropov - PK : Ryan Hollweg
Extra Defensemen
Normal : Chris Campoli, Justin Falk, Jamie McBain - PP : Chris Campoli - PK : Justin Falk, Jamie McBain
Penalty Shots
Matt Stajan, Brad Boyes, Mike Ribeiro, Chris Higgins, Clarke MacArthur
Scratches
Danny DeKeiser (Left Hand Injury)
Stars
5 vs 5 Forward
Center Left Wing Right Wing Time % Phy DF OF
1 Antoine Vermette Guillaume Latendresse Michael Grabner 40 1 2 2
2 Cory Emmerton Jussi Jokinen Alex Chiasson 30 1 2 2
3 Evgeny Grachev Patrick Sharp B.J. Crombeen 20 1 2 2
4 Brian Flynn Dustin Penner Evgeny Artyukhin 10 1 2 2
5 vs 5 Defense
Defense Defense Time % Phy DF OF
1 Drew Fata Ian White 40 1 2 2
2 Brian Lee Johnny Oduya 30 1 2 2
3 Boris Valabik Niklas Hjalmarsson 20 1 2 2
4 Drew Fata Ian White 10 1 2 2
PowerPlay Forward
Center Left Wing Right Wing Time % Phy DF OF
1 Antoine Vermette Guillaume Latendresse Michael Grabner 60 0 2 3
2 Cory Emmerton Jussi Jokinen B.J. Crombeen 40 0 2 3
PowerPlay Defense
Defense Defense Time % Phy DF OF
1 Drew Fata Ian White 60 0 2 3
2 Brian Lee Johnny Oduya 40 0 2 3
Penalty Kill 4 Players Forward
Center Wing Time % Phy DF OF
1 Antoine Vermette Guillaume Latendresse 60 0 3 2
2 Jussi Jokinen Michael Grabner 40 0 3 2
Penalty Kill 4 Players Defense
Defense Defense Time % Phy DF OF
1 Drew Fata Ian White 60 0 3 2
2 Brian Lee Johnny Oduya 40 0 3 2
Penalty Kill - 3 Players Forward
Forward Time % Phy DF OF
1 Antoine Vermette 60 0 3 2
2 Guillaume Latendresse 40 0 3 2
Penalty Kill - 3 Players Defense
Defense Defense Time % Phy DF OF
1 Drew Fata Ian White 60 0 3 2
2 Brian Lee Johnny Oduya 40 0 3 2
4 vs 4 Forward
Center Wing Time % Phy DF OF
1 Antoine Vermette Guillaume Latendresse 60 1 2 2
2 Jussi Jokinen Michael Grabner 40 1 2 2
4 vs 4 Defense
Defense Defense Time % Phy DF OF
1 Drew Fata Ian White 60 1 2 2
2 Brian Lee Johnny Oduya 40 1 2 2
Last Minutes Offensive
Center Left Wing Right Wing Defense Defense
Antoine Vermette Guillaume Latendresse Michael Grabner Drew Fata Ian White
Last Minutes Defensive
Center Left Wing Right Wing Defense Defense
Antoine Vermette Guillaume Latendresse Michael Grabner Drew Fata Ian White
Goaltenders
Starting : Jhonas Enroth
Backup : Mike Brodeur
Extra Forwards
Normal : Patrick Sharp, Alex Chiasson, Cory Emmerton - PP : Patrick Sharp, Alex Chiasson - PK : Cory Emmerton
Extra Defensemen
Normal : Boris Valabik, Niklas Hjalmarsson, Brian Lee - PP : Boris Valabik - PK : Niklas Hjalmarsson, Brian Lee
Penalty Shots
Antoine Vermette, Guillaume Latendresse, Jussi Jokinen, Michael Grabner, Patrick Sharp
Scratches
John Tavares (Suspend), Curtis Glencross (Healthy), Phil Oreskovic (Healthy), Stanislav Chistov (Healthy)
% Time on Ice - Canucks
Lines # - Real PCT - Wanted PCT - Time Play
Normal Forward
1 - 33% - 60% - 15:52
2 - 30% - 25% - 14:10
3 - 22% - 10% - 10:17
4 - 16% - 5% - 7:25
Normal Defense
1 - 45% - 60% - 21:23
2 - 35% - 25% - 16:30
3 - 21% - 10% - 9:51
4 - 0% - 5% - 0:00
PP Forward
1 - 65% - 60% - 1:32
2 - 35% - 40% - 0:49
PP Defense
1 - 90% - 70% - 2:07
2 - 10% - 30% - 0:14
PK Forward
1 - 81% - 60% - 6:27
2 - 19% - 40% - 1:32
PK Defense
1 - 66% - 60% - 5:18
2 - 34% - 40% - 2:41
PK3 Forward
1 - 0% - 60%
2 - 0% - 40%
PK3 Defense
1 - 0% - 60%
2 - 0% - 40%
44 Forward
1 - 89% - 60% - 1:43
2 - 11% - 40% - 0:13
44 Defense
1 - 67% - 60% - 1:18
2 - 33% - 40% - 0:38
Last Minute Offensive - 0:00
Last Minute Defensive - 0:00
Total
Forward - 60:00
Defense - 60:00
|
% Time on Ice - Stars
Lines # - Real PCT - Wanted PCT - Time Play
Normal Forward
1 - 34% - 40% - 16:24
2 - 24% - 30% - 11:21
3 - 23% - 20% - 10:47
4 - 19% - 10% - 9:12
Normal Defense
1 - 40% - 40% - 19:19
2 - 32% - 30% - 15:05
3 - 23% - 20% - 11:08
4 - 5% - 10% - 2:12
PP Forward
1 - 53% - 60% - 4:13
2 - 47% - 40% - 3:46
PP Defense
1 - 55% - 60% - 4:23
2 - 45% - 40% - 3:36
PK Forward
1 - 100% - 60% - 2:21
2 - 0% - 40% - 0:00
PK Defense
1 - 64% - 60% - 1:30
2 - 36% - 40% - 0:51
PK3 Forward
1 - 0% - 60%
2 - 0% - 40%
PK3 Defense
1 - 0% - 60%
2 - 0% - 40%
44 Forward
1 - 100% - 60% - 1:56
2 - 0% - 40% - 0:00
44 Defense
1 - 55% - 60% - 1:04
2 - 45% - 40% - 0:52
Last Minute Offensive - 0:00
Last Minute Defensive - 0:00
Total
Forward - 60:00
Defense - 60:00
|
Play-by-Play
1st period
0:01 of 1st period - Matt Stajan wins face-off versus Michael Grabner in neutral zone.
0:06 of 1st period - Wrist shot by Brad Boyes.
0:06 of 1st period - Shot Blocked by Antoine Vermette.
0:08 of 1st period - Slapshot by Chris Higgins.
0:08 of 1st period - Stopped by Jhonas Enroth with a rebound.
0:10 of 1st period - Slapshot by Alex Goligoski.
0:10 of 1st period - Stopped by Jhonas Enroth without a rebound.
0:11 of 1st period - Cory Emmerton wins face-off versus Mike Ribeiro in Stars zone.
0:37 of 1st period - Steve Montador is hit by Patrick Sharp and loses puck.
0:44 of 1st period - Wrist shot by Matt Stajan.
0:44 of 1st period - Stopped by Jhonas Enroth without a rebound.
0:45 of 1st period - James Wright wins face-off versus Antoine Vermette in Stars zone.
0:58 of 1st period - Snap shot by Derek Boogaard.
0:58 of 1st period - Stopped by Jhonas Enroth with a rebound.
1:10 of 1st period - Alex Goligoski is hit by Dustin Penner and loses puck.
1:37 of 1st period - Wrist shot by Nik Antropov.
1:37 of 1st period - Shot Blocked by Drew Fata.
1:46 of 1st period - Off-side.
1:47 of 1st period - Mike Ribeiro wins face-off versus Evgeny Grachev in neutral zone.
2:48 of 1st period - Johnny Oduya is hit by Johan Franzen and loses puck.
3:07 of 1st period - Snap shot by Evgeny Grachev.
3:07 of 1st period - Shot Blocked by Chris Campoli.
3:09 of 1st period - Wrist shot by B.J. Crombeen.
3:09 of 1st period - Shot Misses the Net.
3:11 of 1st period - Wrist shot by B.J. Crombeen.
3:11 of 1st period - Stopped by Michal Neuvirth with a rebound.
3:45 of 1st period - Snap shot by Mike Ribeiro.
3:45 of 1st period - Shot Blocked by Ian White.
3:47 of 1st period - Backhand shot by Clarke MacArthur.
3:47 of 1st period - Stopped by Jhonas Enroth with a rebound.
3:49 of 1st period - Wrist shot by Chris Campoli.
3:49 of 1st period - Shot Misses the Net.
3:51 of 1st period - Snap shot by Clarke MacArthur.
3:51 of 1st period - Deflect By Nick Palmieri.
3:51 of 1st period - Shot Misses the Net.
3:51 of 1st period - Puck is out of play.
3:52 of 1st period - Matt Stajan wins face-off versus Cory Emmerton in Stars zone.
4:09 of 1st period - Snap shot by Jussi Jokinen.
4:09 of 1st period - Stopped by Michal Neuvirth without a rebound.
4:10 of 1st period - Antoine Vermette wins face-off versus Mike Ribeiro in Canucks zone.
4:17 of 1st period - Wrist shot by Antoine Vermette.
4:17 of 1st period - Stopped by Michal Neuvirth without a rebound.
4:18 of 1st period - Mike Ribeiro wins face-off versus Antoine Vermette in Canucks zone.
4:25 of 1st period - Slapshot by Nick Palmieri.
4:25 of 1st period - Shot Blocked by Antoine Vermette.
4:45 of 1st period - Snap shot by Brad Boyes.
4:45 of 1st period - Shot Misses the Net.
4:47 of 1st period - Slapshot by Alex Goligoski.
4:47 of 1st period - Stopped by Jhonas Enroth with a rebound.
4:49 of 1st period - Snap shot by Jamie McBain.
4:49 of 1st period - Shot Blocked by Ian White.
5:07 of 1st period - Snap shot by Jussi Jokinen.
5:07 of 1st period - Shot Blocked by James Wright.
5:42 of 1st period - Wrist shot by Jussi Jokinen.
5:42 of 1st period - Shot Misses the Net.
5:44 of 1st period - Slapshot by Cory Emmerton.
5:44 of 1st period - Shot Misses the Net.
5:50 of 1st period - Wrist shot by Cory Emmerton.
5:50 of 1st period - Deflect By Steve Montador.
5:50 of 1st period - Shot Hit the Post.
5:50 of 1st period - Puck is out of play.
5:51 of 1st period - Antoine Vermette wins face-off versus Matt Stajan in Canucks zone.
6:07 of 1st period - Jamie McBain is hit by Guillaume Latendresse and loses puck.
6:26 of 1st period - Wrist shot by Nick Palmieri.
6:26 of 1st period - Shot Blocked by Dustin Penner.
6:48 of 1st period - Snap shot by Evgeny Grachev.
6:48 of 1st period - Shot Misses the Net.
6:54 of 1st period - Snap shot by Evgeny Grachev.
6:54 of 1st period - Shot Misses the Net.
7:44 of 1st period - Minor Penalty to Mike Ribeiro for Roughing.
7:45 of 1st period - Matt Stajan wins face-off versus Antoine Vermette in Canucks zone.
7:45 of 1st period - Matt Stajan is hit by Michael Grabner.
8:30 of 1st period - Alex Goligoski is hit by Jussi Jokinen.
9:18 of 1st period - Guillaume Latendresse is hit by Steve Montador and loses puck.
9:44 of 1st period - Penalty to Mike Ribeiro is over, Mike Ribeiro is back on ice.
10:20 of 1st period - Mike Ribeiro is hit by Boris Valabik and loses puck.
10:41 of 1st period - Wrist shot by Ryan Hollweg.
10:41 of 1st period - Stopped by Jhonas Enroth without a rebound.
10:42 of 1st period - Antoine Vermette wins face-off versus Nik Antropov in Stars zone.
11:13 of 1st period - Drew Fata is hit by Chris Higgins.
11:31 of 1st period - Slapshot by Brad Boyes.
11:31 of 1st period - Stopped by Jhonas Enroth without a rebound.
11:32 of 1st period - Evgeny Grachev wins face-off versus Mike Ribeiro in Stars zone.
11:51 of 1st period - B.J. Crombeen is hit by Clarke MacArthur and loses puck.
11:58 of 1st period - Evgeny Grachev is hit by Clarke MacArthur and loses puck.
12:13 of 1st period - Wrist shot by Mike Ribeiro.
12:13 of 1st period - Deflect By Nick Palmieri.
12:13 of 1st period - Shot Misses the Net.
12:13 of 1st period - Puck is out of play.
12:14 of 1st period - Antoine Vermette wins face-off versus Matt Stajan in Stars zone.
13:22 of 1st period - Nik Antropov is hit by Michael Grabner and loses puck.
13:41 of 1st period - Patrick Sharp is hit by Ladislav Smid and loses puck.
14:46 of 1st period - Wrist shot by Mike Ribeiro.
14:46 of 1st period - Stopped by Jhonas Enroth without a rebound.
14:47 of 1st period - Mike Ribeiro wins face-off versus Antoine Vermette in Stars zone.
14:53 of 1st period - Icing by Drew Fata.
14:54 of 1st period - Matt Stajan wins face-off versus Michael Grabner in Stars zone.
15:25 of 1st period - Snap shot by Jussi Jokinen.
15:25 of 1st period - Shot Misses the Net.
15:35 of 1st period - Snap shot by Cory Emmerton.
15:35 of 1st period - Stopped by Michal Neuvirth with a rebound.
16:05 of 1st period - Wrist shot by Chris Higgins.
16:05 of 1st period - Deflect By Matt Stajan.
16:05 of 1st period - Shot Misses the Net.
16:05 of 1st period - Puck is out of play.
16:06 of 1st period - Matt Stajan wins face-off versus Brian Flynn in Stars zone.
16:07 of 1st period - Snap shot by Chris Higgins.
16:07 of 1st period - Stopped by Jhonas Enroth with a rebound.
16:19 of 1st period - Slapshot by Brian Flynn.
16:19 of 1st period - Goal by Brian Flynn - Canucks : 0 - Stars : 1.
16:20 of 1st period - Matt Stajan wins face-off versus Antoine Vermette in neutral zone.
16:23 of 1st period - Wrist shot by Chris Higgins.
16:23 of 1st period - Shot Misses the Net.
16:45 of 1st period - Drew Fata is hit by Mike Ribeiro and loses puck.
17:16 of 1st period - Wrist shot by Patrick Sharp.
17:16 of 1st period - Shot Misses the Net.
17:48 of 1st period - Steve Montador is hit by Evgeny Artyukhin and loses puck.
18:27 of 1st period - James Wright is hit by Evgeny Grachev and loses puck.
18:35 of 1st period - Off-side.
18:36 of 1st period - Matt Stajan wins face-off versus Antoine Vermette in neutral zone.
18:43 of 1st period - Snap shot by Brad Boyes.
18:43 of 1st period - Shot Blocked by Ian White.
19:08 of 1st period - Snap shot by Martins Karsums.
19:08 of 1st period - Shot Misses the Net.
19:16 of 1st period - Snap shot by Guillaume Latendresse.
19:16 of 1st period - Stopped by Michal Neuvirth with a rebound.
19:18 of 1st period - Snap shot by Guillaume Latendresse.
19:18 of 1st period - Shot Blocked by Justin Falk.
19:57 of 1st period - Slapshot by Michael Grabner.
19:57 of 1st period - Shot Misses the Net.
Goals for this period are 0 for Canucks vs 1 for Stars.
Shots for this period are 10 for Canucks vs 6 for Stars.
2nd period
0:01 of 2nd period - Antoine Vermette wins face-off versus Brad Boyes in neutral zone.
0:11 of 2nd period - Off-side.
0:12 of 2nd period - Antoine Vermette wins face-off versus Matt Stajan in neutral zone.
0:14 of 2nd period - Minor Penalty to Guillaume Latendresse for Tripping.
0:15 of 2nd period - Antoine Vermette wins face-off versus Matt Stajan in Stars zone.
0:42 of 2nd period - Off-side.
0:43 of 2nd period - Mike Ribeiro wins face-off versus Antoine Vermette in neutral zone.
0:46 of 2nd period - Slapshot by Jamie McBain.
0:46 of 2nd period - Shot Misses the Net.
0:48 of 2nd period - Slapshot by Alex Goligoski.
0:48 of 2nd period - Shot Blocked by Cory Emmerton.
0:50 of 2nd period - Slapshot by Alex Goligoski.
0:50 of 2nd period - Shot Blocked by Antoine Vermette.
0:52 of 2nd period - Slapshot by Alex Goligoski.
0:52 of 2nd period - Shot Misses the Net.
0:54 of 2nd period - Wrist shot by Nick Palmieri.
0:54 of 2nd period - Shot Misses the Net.
0:56 of 2nd period - Slapshot by Mike Ribeiro.
0:56 of 2nd period - Deflect By Nick Palmieri.
0:56 of 2nd period - Shot Blocked by Antoine Vermette.
0:56 of 2nd period - Puck is out of play.
0:57 of 2nd period - Antoine Vermette wins face-off versus Matt Stajan in Stars zone.
0:57 of 2nd period - Antoine Vermette is hit by Brad Boyes.
1:13 of 2nd period - Snap shot by Chris Higgins.
1:13 of 2nd period - Shot Blocked by Drew Fata.
1:34 of 2nd period - Antoine Vermette is hit by Mike Ribeiro and loses puck.
1:49 of 2nd period - Wrist shot by Mike Ribeiro.
1:49 of 2nd period - Shot Blocked by Ian White.
1:51 of 2nd period - Slapshot by Alex Goligoski.
1:51 of 2nd period - Stopped by Jhonas Enroth without a rebound.
1:52 of 2nd period - Matt Stajan wins face-off versus Brian Flynn in Stars zone.
1:53 of 2nd period - Slapshot by Chris Higgins.
1:53 of 2nd period - Shot Blocked by Dustin Penner.
1:55 of 2nd period - Wrist shot by Steve Montador.
1:55 of 2nd period - Shot Misses the Net.
2:05 of 2nd period - Cory Emmerton is hit by Brad Boyes.
2:14 of 2nd period - Penalty to Guillaume Latendresse is over, Guillaume Latendresse is back on ice.
2:25 of 2nd period - Guillaume Latendresse is hit by Johan Franzen.
2:31 of 2nd period - Wrist shot by Ian White.
2:31 of 2nd period - Shot Misses the Net.
2:47 of 2nd period - Slapshot by Derek Boogaard.
2:47 of 2nd period - Shot Misses the Net.
2:49 of 2nd period - Slapshot by Steve Montador.
2:49 of 2nd period - Shot Hit the Post.
2:51 of 2nd period - Snap shot by Derek Boogaard.
2:51 of 2nd period - Stopped by Jhonas Enroth with a rebound.
3:27 of 2nd period - Wrist shot by Patrick Sharp.
3:27 of 2nd period - Stopped by Michal Neuvirth with a rebound.
3:39 of 2nd period - Slapshot by Nick Palmieri.
3:39 of 2nd period - Deflect By Mike Ribeiro.
3:39 of 2nd period - Shot Misses the Net.
3:39 of 2nd period - Puck is out of play.
3:40 of 2nd period - Mike Ribeiro wins face-off versus Cory Emmerton in Stars zone.
4:22 of 2nd period - Ladislav Smid is hit by Evgeny Grachev and loses puck.
4:59 of 2nd period - Wrist shot by Jussi Jokinen.
4:59 of 2nd period - Stopped by Michal Neuvirth without a rebound.
5:00 of 2nd period - Matt Stajan wins face-off versus Cory Emmerton in Canucks zone.
5:11 of 2nd period - Backhand shot by Chris Higgins.
5:11 of 2nd period - Stopped by Jhonas Enroth with a rebound.
5:23 of 2nd period - Slapshot by Jamie McBain.
5:23 of 2nd period - Deflect By Guillaume Latendresse.
5:23 of 2nd period - Stopped by Jhonas Enroth without a rebound.
5:24 of 2nd period - James Wright wins face-off versus Antoine Vermette in Stars zone.
5:41 of 2nd period - Justin Falk is hit by Guillaume Latendresse and loses puck.
6:51 of 2nd period - Snap shot by Derek Boogaard.
6:51 of 2nd period - Stopped by Jhonas Enroth without a rebound.
6:52 of 2nd period - Matt Stajan wins face-off versus Cory Emmerton in Stars zone.
7:59 of 2nd period - Snap shot by Cory Emmerton.
7:59 of 2nd period - Stopped by Michal Neuvirth with a rebound.
8:13 of 2nd period - Slapshot by Evgeny Grachev.
8:13 of 2nd period - Stopped by Michal Neuvirth without a rebound.
8:14 of 2nd period - Evgeny Grachev wins face-off versus Mike Ribeiro in Canucks zone.
8:19 of 2nd period - Icing by Jamie McBain.
8:20 of 2nd period - Mike Ribeiro wins face-off versus Evgeny Grachev in Canucks zone.
8:43 of 2nd period - Snap shot by Mike Ribeiro.
8:43 of 2nd period - Shot Misses the Net.
8:45 of 2nd period - Slapshot by Jamie McBain.
8:45 of 2nd period - Shot Misses the Net.
8:47 of 2nd period - Snap shot by Alex Goligoski.
8:47 of 2nd period - Shot Blocked by Evgeny Grachev.
8:49 of 2nd period - Slapshot by Jamie McBain.
8:49 of 2nd period - Stopped by Jhonas Enroth without a rebound.
8:50 of 2nd period - Antoine Vermette wins face-off versus Matt Stajan in Stars zone.
9:59 of 2nd period - Snap shot by Brian Flynn.
9:59 of 2nd period - Shot Misses the Net.
10:21 of 2nd period - Snap shot by Martins Karsums.
10:21 of 2nd period - Shot Misses the Net.
10:35 of 2nd period - Minor Penalty to Steve Montador for Holding.
10:36 of 2nd period - Antoine Vermette wins face-off versus Matt Stajan in Canucks zone.
11:01 of 2nd period - Johnny Oduya is hit by Brad Boyes and loses puck.
11:10 of 2nd period - Wrist shot by Jussi Jokinen.
11:10 of 2nd period - Shot Misses the Net.
12:35 of 2nd period - Penalty to Steve Montador is over, Steve Montador is back on ice.
13:57 of 2nd period - Evgeny Grachev is hit by Jamie McBain and loses puck.
14:31 of 2nd period - Ladislav Smid is hit by Ian White and loses puck.
15:13 of 2nd period - Clarke MacArthur is hit by Boris Valabik and loses puck.
15:24 of 2nd period - Minor Penalty to Nick Palmieri for Holding.
15:25 of 2nd period - Cory Emmerton wins face-off versus Matt Stajan in Canucks zone.
15:32 of 2nd period - Slapshot by Cory Emmerton.
15:32 of 2nd period - Stopped by Michal Neuvirth without a rebound.
15:33 of 2nd period - Cory Emmerton wins face-off versus Matt Stajan in Canucks zone.
15:34 of 2nd period - Wrist shot by Jussi Jokinen.
15:34 of 2nd period - Stopped by Michal Neuvirth with a rebound.
15:36 of 2nd period - Slapshot by Ian White.
15:36 of 2nd period - Deflect By Jamie McBain.
15:36 of 2nd period - Stopped by Michal Neuvirth without a rebound.
15:37 of 2nd period - Antoine Vermette wins face-off versus Matt Stajan in Canucks zone.
16:52 of 2nd period - Slapshot by Jamie McBain.
16:52 of 2nd period - Stopped by Jhonas Enroth without a rebound.
16:53 of 2nd period - Ryan Hollweg wins face-off versus Cory Emmerton in Stars zone.
17:24 of 2nd period - Penalty to Nick Palmieri is over, Nick Palmieri is back on ice.
17:38 of 2nd period - Wrist shot by Brian Flynn.
17:38 of 2nd period - Stopped by Michal Neuvirth without a rebound.
17:39 of 2nd period - Brian Flynn wins face-off versus Mike Ribeiro in Canucks zone.
17:40 of 2nd period - Slapshot by Brian Lee.
17:40 of 2nd period - Shot Misses the Net.
17:42 of 2nd period - Snap shot by Evgeny Artyukhin.
17:42 of 2nd period - Shot Blocked by Alex Goligoski.
17:44 of 2nd period - Slapshot by Johnny Oduya.
17:44 of 2nd period - Shot Misses the Net.
18:13 of 2nd period - Johan Franzen is hit by Jussi Jokinen and loses puck.
18:28 of 2nd period - Ian White is hit by James Wright and loses puck.
18:35 of 2nd period - Slapshot by James Wright.
18:35 of 2nd period - Shot Blocked by Ian White.
18:45 of 2nd period - Chris Higgins is hit by Drew Fata and loses puck.
19:08 of 2nd period - Snap shot by Brian Flynn.
19:08 of 2nd period - Stopped by Michal Neuvirth without a rebound.
19:09 of 2nd period - Brian Flynn wins face-off versus Mike Ribeiro in Canucks zone.
19:12 of 2nd period - Snap shot by Brian Flynn.
19:12 of 2nd period - Stopped by Michal Neuvirth with a rebound.
19:14 of 2nd period - Snap shot by Brian Flynn.
19:14 of 2nd period - Stopped by Michal Neuvirth without a rebound.
19:15 of 2nd period - Mike Ribeiro wins face-off versus Brian Flynn in Canucks zone.
19:40 of 2nd period - Matt Stajan is hit by Guillaume Latendresse and loses puck.
19:53 of 2nd period - Slapshot by Guillaume Latendresse.
19:53 of 2nd period - Shot Blocked by Ladislav Smid.
Goals for this period are 0 for Canucks vs 0 for Stars.
Shots for this period are 7 for Canucks vs 11 for Stars.
3rd period
0:01 of 3rd period - Antoine Vermette wins face-off versus Matt Stajan in neutral zone.
0:01 of 3rd period - Antoine Vermette is hit by Brad Boyes.
1:16 of 3rd period - Slapshot by Matt Stajan.
1:16 of 3rd period - Stopped by Jhonas Enroth with a rebound.
1:43 of 3rd period - Snap shot by Derek Boogaard.
1:43 of 3rd period - Shot Misses the Net.
1:45 of 3rd period - Snap shot by Steve Montador.
1:45 of 3rd period - Stopped by Jhonas Enroth with a rebound.
1:57 of 3rd period - Nick Palmieri is hit by Alex Chiasson.
2:23 of 3rd period - Dustin Penner is hit by Matt Stajan and loses puck.
3:18 of 3rd period - Nik Antropov is hit by Antoine Vermette and loses puck.
3:25 of 3rd period - Antoine Vermette is hit by Jamie McBain and loses puck.
4:18 of 3rd period - Snap shot by Justin Falk.
4:18 of 3rd period - Shot Blocked by Evgeny Artyukhin.
4:46 of 3rd period - Wrist shot by Nick Palmieri.
4:46 of 3rd period - Deflect By Mike Ribeiro.
4:46 of 3rd period - Stopped by Jhonas Enroth without a rebound.
4:47 of 3rd period - Cory Emmerton wins face-off versus Mike Ribeiro in Stars zone.
5:19 of 3rd period - Minor Penalty to Clarke MacArthur for Holding.
5:20 of 3rd period - Antoine Vermette wins face-off versus Matt Stajan in Canucks zone.
5:30 of 3rd period - Wrist shot by Brad Boyes.
5:30 of 3rd period - Shot Blocked by Drew Fata.
5:43 of 3rd period - Icing by Michael Grabner.
5:44 of 3rd period - Michael Grabner wins face-off versus Matt Stajan in Stars zone.
7:13 of 3rd period - Jamie McBain is hit by Cory Emmerton and loses puck.
7:19 of 3rd period - Penalty to Clarke MacArthur is over, Clarke MacArthur is back on ice.
7:32 of 3rd period - Ladislav Smid is hit by Brian Flynn and loses puck.
7:37 of 3rd period - Wrist shot by Brian Flynn.
7:37 of 3rd period - Stopped by Michal Neuvirth with a rebound.
7:39 of 3rd period - Snap shot by Brian Flynn.
7:39 of 3rd period - Shot Blocked by Chris Campoli.
7:56 of 3rd period - Slapshot by Derek Boogaard.
7:56 of 3rd period - Shot Misses the Net.
8:06 of 3rd period - Niklas Hjalmarsson is hit by Ladislav Smid and loses puck.
8:17 of 3rd period - Alex Goligoski is hit by Boris Valabik and loses puck.
9:08 of 3rd period - Slapshot by Johnny Oduya.
9:08 of 3rd period - Shot Blocked by Justin Falk.
9:38 of 3rd period - Boris Valabik is hit by Mike Ribeiro and loses puck.
9:53 of 3rd period - Evgeny Artyukhin is hit by Clarke MacArthur and loses puck.
10:04 of 3rd period - Slapshot by Jussi Jokinen.
10:04 of 3rd period - Goal by Jussi Jokinen - Canucks : 0 - Stars : 2.
10:05 of 3rd period - Matt Stajan wins face-off versus Antoine Vermette in neutral zone.
10:14 of 3rd period - Snap shot by Matt Stajan.
10:14 of 3rd period - Deflect By Chris Higgins.
10:14 of 3rd period - Deflect By Michael Grabner.
10:14 of 3rd period - Stopped by Jhonas Enroth with a rebound.
10:16 of 3rd period - Slapshot by Jamie McBain.
10:16 of 3rd period - Deflect By Guillaume Latendresse.
10:16 of 3rd period - Goal by Jamie McBain - Canucks : 1 - Stars : 2.
10:17 of 3rd period - Antoine Vermette wins face-off versus Matt Stajan in neutral zone.
11:06 of 3rd period - Patrick Sharp is hit by Justin Falk and loses puck.
11:32 of 3rd period - Boris Valabik is hit by Alex Goligoski and loses puck.
11:43 of 3rd period - Minor Penalty to Boris Valabik for Hooking.
11:44 of 3rd period - Matt Stajan wins face-off versus Antoine Vermette in Stars zone.
11:54 of 3rd period - Off-side.
11:55 of 3rd period - Matt Stajan wins face-off versus Antoine Vermette in neutral zone.
11:58 of 3rd period - Snap shot by Chris Higgins.
11:58 of 3rd period - Shot Blocked by Drew Fata.
12:02 of 3rd period - Snap shot by Matt Stajan.
12:02 of 3rd period - Goal by Matt Stajan - Canucks : 2 - Stars : 2.
12:03 of 3rd period - Matt Stajan wins face-off versus Antoine Vermette in neutral zone.
12:08 of 3rd period - Slapshot by Matt Stajan.
12:08 of 3rd period - Stopped by Jhonas Enroth without a rebound.
12:09 of 3rd period - Chris Higgins wins face-off versus Antoine Vermette in Stars zone.
12:16 of 3rd period - Snap shot by Matt Stajan.
12:16 of 3rd period - Stopped by Jhonas Enroth with a rebound.
12:18 of 3rd period - Backhand shot by Jamie McBain.
12:18 of 3rd period - Stopped by Jhonas Enroth with a rebound.
12:20 of 3rd period - Snap shot by Brad Boyes.
12:20 of 3rd period - Shot Misses the Net.
12:22 of 3rd period - Snap shot by Matt Stajan.
12:22 of 3rd period - Stopped by Jhonas Enroth without a rebound.
12:23 of 3rd period - Antoine Vermette wins face-off versus Matt Stajan in Stars zone.
12:34 of 3rd period - Slapshot by Matt Stajan.
12:34 of 3rd period - Deflect By Chris Higgins.
12:34 of 3rd period - Shot Misses the Net.
12:34 of 3rd period - Puck is out of play.
12:35 of 3rd period - Antoine Vermette wins face-off versus Matt Stajan in Stars zone.
12:40 of 3rd period - Wrist shot by Drew Fata.
12:40 of 3rd period - Stopped by Michal Neuvirth with a rebound.
12:42 of 3rd period - Snap shot by Michael Grabner.
12:42 of 3rd period - Goal by Michael Grabner - Canucks : 2 - Stars : 3.
12:43 of 3rd period - Matt Stajan wins face-off versus Antoine Vermette in neutral zone.
13:02 of 3rd period - Alex Goligoski is hit by Ian White and loses puck.
13:59 of 3rd period - Backhand shot by Chris Higgins.
13:59 of 3rd period - Stopped by Jhonas Enroth with a rebound.
14:01 of 3rd period - Snap shot by Chris Higgins.
14:01 of 3rd period - Shot Blocked by Dustin Penner.
14:15 of 3rd period - Snap shot by Antoine Vermette.
14:15 of 3rd period - Shot Misses the Net.
14:31 of 3rd period - Alex Chiasson is hit by Ladislav Smid and loses puck.
14:38 of 3rd period - Wrist shot by Jussi Jokinen.
14:38 of 3rd period - Deflect By Cory Emmerton.
14:38 of 3rd period - Shot Misses the Net.
14:38 of 3rd period - Puck is out of play.
14:39 of 3rd period - Matt Stajan wins face-off versus Antoine Vermette in Canucks zone.
14:46 of 3rd period - Slapshot by Jamie McBain.
14:46 of 3rd period - Shot Blocked by Michael Grabner.
14:48 of 3rd period - Slapshot by Jamie McBain.
14:48 of 3rd period - Shot Misses the Net.
15:35 of 3rd period - Snap shot by Evgeny Artyukhin.
15:35 of 3rd period - Stopped by Michal Neuvirth without a rebound.
15:36 of 3rd period - Evgeny Grachev wins face-off versus Matt Stajan in Canucks zone.
16:08 of 3rd period - Snap shot by Guillaume Latendresse.
16:08 of 3rd period - Stopped by Michal Neuvirth without a rebound.
16:09 of 3rd period - Antoine Vermette wins face-off versus Johan Franzen in Canucks zone.
16:10 of 3rd period - Snap shot by Guillaume Latendresse.
16:10 of 3rd period - Stopped by Michal Neuvirth without a rebound.
16:11 of 3rd period - Nik Antropov wins face-off versus Antoine Vermette in Canucks zone.
16:11 of 3rd period - Nik Antropov is hit by Guillaume Latendresse.
16:14 of 3rd period - Alex Goligoski is hit by Antoine Vermette and loses puck.
16:27 of 3rd period - Slapshot by Jamie McBain.
16:27 of 3rd period - Stopped by Jhonas Enroth without a rebound.
16:28 of 3rd period - Matt Stajan wins face-off versus Evgeny Grachev in Stars zone.
16:39 of 3rd period - Snap shot by Chris Higgins.
16:39 of 3rd period - Shot Blocked by Drew Fata.
16:40 of 3rd period - Minor Penalty to Jamie McBain for Holding.
16:41 of 3rd period - Antoine Vermette wins face-off versus Matt Stajan in Canucks zone.
16:43 of 3rd period - Minor Penalty to Guillaume Latendresse for Hooking.
16:44 of 3rd period - Antoine Vermette wins face-off versus Matt Stajan in Stars zone.
18:40 of 3rd period - Penalty to Jamie McBain is over, Jamie McBain is back on ice.
18:43 of 3rd period - Penalty to Guillaume Latendresse is over, Guillaume Latendresse is back on ice.
18:53 of 3rd period - Snap shot by Brian Flynn.
18:53 of 3rd period - Goal by Brian Flynn - Canucks : 2 - Stars : 4.
18:54 of 3rd period - Evgeny Grachev wins face-off versus Mike Ribeiro in neutral zone.
18:59 of 3rd period - Snap shot by Patrick Sharp.
18:59 of 3rd period - Deflect By B.J. Crombeen.
18:59 of 3rd period - Stopped by Michal Neuvirth without a rebound.
19:00 of 3rd period - Evgeny Grachev wins face-off versus Mike Ribeiro in Canucks zone.
19:33 of 3rd period - Snap shot by Jussi Jokinen.
19:33 of 3rd period - Deflect By Clarke MacArthur.
19:33 of 3rd period - Shot Blocked by Steve Montador.
19:33 of 3rd period - Puck is out of play.
19:34 of 3rd period - Cory Emmerton wins face-off versus Mike Ribeiro in Canucks zone.
19:58 of 3rd period - Justin Falk is hit by Alex Chiasson and loses puck.
Goals for this period are 2 for Canucks vs 3 for Stars.
Shots for this period are 12 for Canucks vs 9 for Stars.
Back to the Top